 Dungeon Crawl Stone Soup version 0.30.1-3-gfc49f6343a (webtiles) character file.

Game seed: 8213339329488394775

1192 spardeous the Gusty (level 8, 0/66 HPs)
             Began as a Demigod Air Elementalist on July 28, 2023.
             Succumbed to a hornet's poison
             ... on level 6 of the Dungeon.
             The game lasted 00:13:29 (8066 turns).

spardeous the Gusty (Demigod Air Elementalist)      Turns: 8066, Time: 00:13:29

Health: 0/66       AC:  9    Str:  9    XL:     8   Next: 0%
Magic:  7/19       EV: 10    Int: 25    God:
Gold:   196        SH:  0    Dex: 14    Spells: 11/17 levels left

rFire   + . .        w - +1 dagger (elec)
rCold   . . .        (no shield)
rNeg    + . .        u - +2 ring mail {Will+}
rPois   .            (no helmet)
rElec   .            (no cloak)
rCorr   .            d - +1 pair of gloves
SInv    .            (no boots)
Will    +....        (no amulet)
Stlth   +            m - ring of protection from fire
HPRegen 0.31/turn    s - ring of positive energy
MPRegen 0.16/turn

%: no passive effects
@: lethally poisoned (0 -> -10), slowed, very slow
A: high MP 1, forlorn, divine attributes
a: no special abilities


You were on level 6 of the Dungeon.
You visited 1 branch of the dungeon, and saw 6 of its levels.

You collected 196 gold pieces.

Inventory:

Hand Weapons
 w - a +1 dagger of electrocution (weapon)
 B - a +3 dire flail of protection
Armour
 a - a +0 robe
 d - a +1 pair of gloves (worn)
 e - a +0 ring mail
 k - a +0 leather armour
 u - a +2 ring mail of willpower (worn)
Jewellery
 m - a ring of protection from fire (left hand)
 s - a ring of positive energy (right hand)
Wands
 n - a wand of mindburst (13)
 q - a wand of iceblast (7)
Scrolls
 f - 5 scrolls of identify
 g - 2 scrolls of enchant armour {unknown}
 h - 2 scrolls of immolation
 j - a scroll of poison {unknown}
 l - 2 scrolls of amnesia {unknown}
 o - a scroll of fear {unknown}
 p - 2 scrolls of teleportation {unknown}
 r - a scroll of vulnerability {unknown}
 t - a scroll of torment {unknown}
 y - a scroll of blinking {unknown}
Potions
 b - a potion of magic
 c - 2 potions of degeneration {unknown}
 i - a potion of heal wounds {unknown}
 v - 3 potions of lignification {unknown}
 x - a potion of haste {unknown}
 z - a potion of cancellation {unknown}
 A - 2 potions of might {unknown}


   Skills:
 - Level 4.1 Fighting
 - Level 1.7 Dodging
 - Level 1.7 Stealth
 - Level 5.2 Spellcasting
 + Level 2.2 Conjurations
 - Level 1.1 Transmutations
 - Level 5.5 Air Magic


You had 11 spell levels left.
You knew the following spells:

 Your Spells              Type           Power      Damage    Failure   Level
a - Shock                 Conj/Air       100%       1d9       4%          1
b - Beastly Appendage     Tmut           24%        N/A       14%         1
c - Airstrike             Air            17%        2d(3-19)  22%         4

Your spell library contained the following spells:

 Spells                   Type           Power      Damage    Failure   Level
 Static Discharge         Conj/Air       52%        2-5/arc   7%          2
 Swiftness                Air            34%        N/A       7%          3
 Apportation              Tloc           12%        N/A       22%         1
 Wereblood                Tmut           12%        N/A       22%         2
 Hailstorm                Conj/Ice       12%        3d5       38%         3
 Spider Form              Tmut/Pois      9%         N/A       47%         3
 Ice Form                 Ice/Tmut       9%         N/A       87%         4
 Alistair's Intoxication  Tmut/Pois      6%         N/A       99%         5
 Simulacrum               Ice/Necr       3%         N/A       100%        6


Dungeon Overview and Level Annotations

Branches:
Dungeon (6/15)             Temple (0/1) D:5

Shops:
D:4 [   D:5 ((

Annotations:
D:4 Blork the orc


Innate Abilities, Weirdness & Mutations

You have an increased reservoir of magic. (+10% MP)
You shall have no god before yourself.
Your divine heritage dramatically boosts your attributes as you level up.


Message History

You feel very sick. The hornet closely misses you.
You take 6 damage, and have 45/66 hp.
There are monsters nearby!
Casting: Shock (safe; 4% risk of failure)
Confirm with . or Enter, or press ? or * to list all spells.
Aiming: Shock (safe; 4% risk of failure)
Press: ? - help, Shift-Dir - straight line, f/p - hornet
Aim: a hornet (heavily wounded, 60% to hit)
The zap hits the hornet.
The hornet is heavily wounded.
You feel very sick. The hornet stings you!
* * * LOW HITPOINT WARNING * * *
You feel yourself slow down.
An adder comes into view.
The hornet stings you.
* * * LOW HITPOINT WARNING * * *
You shrug off the repeated paralysis!
You take 24 damage, and have 21/66 hp.
MASSIVE DAMAGE!!
You now have 8/19 mp.
There are monsters nearby!
Casting: Shock (safe; 4% risk of failure)
Confirm with . or Enter, or press ? or * to list all spells.
Aiming: Shock (safe; 4% risk of failure)
Press: ? - help, Shift-Dir - straight line, f/p - hornet
Aim: a hornet (heavily wounded, 60% to hit)
The zap hits the hornet.
The hornet is severely wounded.
You feel very sick. The hornet stings you!
* * * LOW HITPOINT WARNING * * *
You feel as though you will be slow longer.
The iguana barely misses you.
An orc comes into view. It is wielding a +0 hand axe.
The hornet barely misses you.
You take 19 damage, and have 2/66 hp.
MASSIVE DAMAGE!!
You now have 7/19 mp.
As you read the scroll labelled BAUWUTE VICRIG, it crumbles to dust.
It is a scroll of identify.
h - 2 scrolls of immolation You die...

.. ### #. ...# #.
#..##. #..#.## #.
#)##....## #. #.
#oo..ol..## #.##..
#y@..# #.#.. ##...#
#...## ##).#
#....#### ####...#
...#..#.##
##.#....#
.........#
#....#.##
.#.##.#.## ##.....#
....#.#..###[.#####
##........#..##


You could see a hornet, an iguana, an orc wizard and 2 orcs.

Vanquished Creatures
  A wraith (D:5)
  Edmund (D:6)
  3 ogres (D:5)
  A centaur (D:5)
  A phantom (D:4)
  A scorpion (D:5)
  A howler monkey (D:4)
  An orc priest (D:4)
  A hound (D:5)
  Natasha (thrice) (D:3)
  4 orc wizards
  Robin (D:4)
  4 adders
  A shadow imp (D:5)
  3 worms
  A dart slug (D:2)
  26 orcs
  5 bats
  7 endoplasms
  4 giant cockroaches
  20 goblins
  9 hobgoblins
  3 quokkas
  8 ball pythons
  3 frilled lizards
  5 kobolds
  2 rats
120 creatures vanquished.

Vanquished Creatures (others)
  An orc wizard (D:4)
  A goblin (D:4)
2 creatures vanquished.

Grand Total: 122 creatures vanquished

Notes
Turn   | Place    | Note
-------+----------+-------------------------------------------
     0 | D:1      | spardeous the Demigod Air Elementalist began the quest for
                  | the Orb.
     0 | D:1      | Reached XP level 1. HP: 14/14 MP: 5/5
   523 | D:1      | Reached XP level 2. HP: 20/20 MP: 0/7
   910 | D:1      | Learned a level 1 spell: Beastly Appendage
  1947 | D:2      | Reached XP level 3. HP: 26/26 MP: 3/8
  2417 | D:3      | Reached skill level 1 in Transmutations
  3564 | D:3      | Reached XP level 4. HP: 33/33 MP: 2/9
  3639 | D:4      | Noticed Natasha
  4104 | D:3      | Learned a level 4 spell: Airstrike
  4116 | D:4      | Noticed Blork the orc
  4192 | D:3      | Killed Natasha
  4193 | D:3      | Reached skill level 5 in Air Magic
  4237 | D:3      | Noticed Natasha
  4245 | D:3      | Killed Natasha
  4246 | D:3      | Reached XP level 5. HP: 35/38 MP: 2/10
  4478 | D:3      | Noticed Natasha
  4484 | D:3      | Killed Natasha
  4788 | D:4      | Noticed Robin
  5026 | D:4      | Killed Robin
  5296 | D:4      | Reached XP level 6. HP: 45/45 MP: 0/13
  5750 | D:4      | Found Yqeafo's Antique Armour Shoppe.
  6595 | D:5      | Entered Level 5 of the Dungeon
  6811 | D:5      | Found a staircase to the Ecumenical Temple.
  6980 | D:5      | Noticed a wraith
  6998 | D:5      | Killed a wraith
  6999 | D:5      | Reached skill level 5 in Spellcasting
  6999 | D:5      | Reached XP level 7. HP: 37/50 MP: 2/18
  7260 | D:5      | Found Mufop's Antique Weapon Shoppe.
  7275 | D:5      | Found Ynewogh's Weapon Shoppe.
  7282 | D:5      | Reached skill level 1 in Fighting
  7964 | D:6      | Noticed Edmund
  7979 | D:6      | Killed Edmund
  7980 | D:6      | Reached XP level 8. HP: 45/66 MP: 12/19
  8058 | D:6      | Noticed a hornet
  8061 | D:6      | Paralysed by a hornet for 2 turns
  8065 | D:6      | HP: 2/66 [hornet (14)]
  8066 | D:6      | Succumbed to a hornet's poison

Illustrated notes

Levels and vault maps discovered:
D:1:      lemuel_arrival_rhombus, layout_basic,
          ebering_ecumenical_altar_petrified, kennysheep_pointless_box
D:2:      layout_loops_ring, hex_tiny, nicolae_underground_beach
D:3:      layout_loops_cross, lemuel_round_altar, hangedman_decor_slide_cut,
          hangedman_decor_clover_reticule
D:4:      layout_rooms, kennysheep_ying_yang, xom_confusion_cloud, serial_shops,
          shop, kennysheep_generic_room_4, uniq_robin, uniq_natasha,
          uniq_blork_the_orc
D:5:      layout_basic, grunt_dithmenos_smoke,
          minmay_temple_entry_enclosed_plants, serial_shops,
          nicolae_shop_window_shopping, nicolae_shop_advertising_works
          [nicolae_subvault_shop_adworks], hangedman_decor_opposing,
          columned_hall_lemuel
D:6:      layout_loops_ring, serial_shops, shop_fountains,
          minmay_fractal_squares_gapless_5, uniq_edmund

Skill      XL: |  1  2  3  4  5  6  7 |
---------------+----------------------+-----
Air Magic      | 3 4 5 |  5.5
Transmutations | 1 |  1.1
Spellcasting   | 3 5 |  5.2
Fighting       | 4 |  4.1
Conjurations   | 2 |  2.2
Dodging        | |  1.7
Stealth        | |  1.7

Action                     |  1- 3 |  4- 6 |  7- 9 || total
---------------------------+-------+-------+-------++-------
  Melee: Unarmed           |    12 |    32 |       ||    44
         Headbutt          |     3 |     1 |     2 ||     6
         Kick              |     1 |     4 |     4 ||     9
         Dagger            |       |    25 |     8 ||    33
   Cast: Shock             |   137 |   209 |    62 ||   408
         Beastly Appendage |     2 |     4 |     1 ||     7
         Airstrike         |       |       |     3 ||     3
    Use: Scroll            |       |       |     1 ||     1
 Armour: Robe              |     4 |       |       ||     4
         Leather armour    |     3 |       |       ||     3
         Ring mail         |     1 |    88 |     6 ||    95
  Dodge: Dodged            |    21 |    82 |    18 ||   121
